 Dungeon Crawl Stone Soup version 0.29.1-12-g30fa7ad0bf (webtiles) character file.

Game seed: 14149277960883116333

7 Alitron123 the Chopper (level 2, 0/27 HPs)
             Began as a Hill Orc Berserker on Jan 14, 2023.
             Was a Follower of Trog.
             Slain by a frilled lizard (2 damage)
             ... on level 1 of the Dungeon.
             The game lasted 00:01:52 (426 turns).

Alitron123 the Chopper (Hill Orc Berserker)          Turns: 426, Time: 00:01:53

Health: 0/27       AC:  2    Str: 16 (19) XL:     2   Next: 4%
Magic:  2/2        EV: 11    Int:  5 (7)  God:    Trog [*.....]
Gold:   11         SH:  0    Dex:  8 (10) Spells: 1/1 levels left

rFire   . . .      SeeInvis .   a - +0 hand axe
rCold   . . .      Faith    .   (no shield)
rNeg    . . .      Spirit   .   b - +0 animal skin
rPois   .          Reflect  .   (no helmet)
rElec   .          Harm     .   (no cloak)
rCorr   .          Rampage  .   (no gloves)
Will    .....                   (no boots)
Stlth   +.........              (no amulet)
HPRegen 0.09/turn               (no ring)
MPRegen 0.08/turn               (no ring)

@: no status effects
A: no striking features
a: Renounce Religion, Berserk


You were on level 1 of the Dungeon.
You worshipped Trog.
Trog was aware of your devotion.
You visited 1 branch of the dungeon, and saw 1 of its levels.

You collected 11 gold pieces.

Inventory:

Hand Weapons
 a - a +0 hand axe (weapon)
Armour
 b - a +0 animal skin (worn)


   Skills:
 + Level 3.8 Fighting
 + Level 4.4 Axes
 + Level 2.2 Armour
 + Level 1.5 Dodging


You had one spell level left.
You didn't know any spells.
Your spell library was empty.

Dungeon Overview and Level Annotations

Branches:
Dungeon (1/15)

Altars:


Message History

The plant is lightly damaged.
You hit the bush but do no damage. You hit the plant.
The plant is lightly damaged.
You hit the bush but do no damage. You slash the plant!
The plant is lightly damaged.
You hit the bush but do no damage.
A nearby plant withers and dies.
You enter the shallow water.
Moving in this stuff is going to be slow.
You enter the shallow water.
Moving in this stuff is going to be slow.
An endoplasm comes into view.
You slash the endoplasm!
You kill the endoplasm!
Trog accepts your kill.
Found a scroll labelled EHUYTT RIEPNUO.
Found a stone staircase leading down.
A quokka and a rat come into view.
A kobold comes into view. It is wielding a +0 dagger.
The kobold shouts!
You hear an angry hiss.
The kobold throws a stone.
The stone hits you. The rat bites you.
You closely miss the quokka. You hit the rat. The quokka bites you.
The rat bites you. The quokka bites you.
* * * LOW HITPOINT WARNING * * *
You slash the quokka!
You kill the quokka!
Trog accepts your kill.
You closely miss the rat. The rat bites you.
* * * LOW HITPOINT WARNING * * *
A frilled lizard comes into view.
You have reached level 2!
You hit the rat.
You kill the rat!
Trog accepts your kill.
You hit the kobold.
You kill the kobold!
Trog accepts your kill. The frilled lizard bites you.
You die...

###########
###.........##
###......?......
....#...........
.####............
............>....
#####l...†.....#
#..@.......##
##.#.......##
#.....###.## ###
#.....# .#
♣♣♣♣..##....## #
♣♣♣..♣♣.....#.#
♣PP~~.♣♣...##.##..
P♣~~~~P♣..........
♣PP~~.♣♣..##..##..


You could see a frilled lizard.

Vanquished Creatures
  2 endoplasms (D:1)
  A giant cockroach (D:1)
  A kobold (D:1)
  A quokka (D:1)
  A bat (D:1)
  A frilled lizard (D:1)
  A rat (D:1)
8 creatures vanquished.

Vanquished Creatures (others)
  2 plants (D:1)
2 creatures vanquished.

Grand Total: 10 creatures vanquished

Notes
Turn   | Place    | Note
-------+----------+-------------------------------------------
     0 | D:1      | Alitron123 the Hill Orc Berserker began the quest for the
                  | Orb.
     0 | D:1      | Reached XP level 1. HP: 19/19 MP: 1/1
   421 | D:1      | HP: 1/20 [rat (3)]
   422 | D:1      | Reached XP level 2. HP: 1/27 MP: 2/2
   426 | D:1      | Slain by a frilled lizard

Illustrated notes

Levels and vault maps discovered:
D:1:      erik_arrival_triangle_medium, layout_rooms, serial_forest,
          infiniplex_forest_straight_3, infiniplex_forest_clump_small,
          infiniplex_forest_lined_3, infiniplex_forest_clump_long,
          infiniplex_forest_zigzag_1, infiniplex_forest_straight_2,
          infiniplex_forest_corner_2, infiniplex_forest_pool,
          infiniplex_forest_split

Action                   || total
-------------------------++-------
Melee: Hand axe          ||    30
  Use: Potion            ||     1
Armor: Animal skin       ||     4
Dodge: Dodged            ||     6
